 Dungeon Crawl Stone Soup version 0.24-a0-235-g3f03afcf10 (webtiles) character file.

Game seed: 13415923257796004401

3285 MrRokkomies the Zephyrmancer (level 9, -7/39 HPs)
             Began as a Spriggan Air Elementalist on Apr 6, 2019.
             Was a Priest of Kikubaaqudgha.
             Mangled by a wyvern zombie (15 damage)
             ... in an ossuary.
             The game lasted 00:32:52 (9799 turns).

MrRokkomies the Zephyrmancer (SpAE)                 Turns: 9799, Time: 00:32:55

Health: -7/39      AC:  3    Str:  7    XL:     9   Next: 69%
Magic:  10/26      EV: 20    Int: 17    God:    Kikubaaqudgha [***...]
Gold:   378        SH:  0    Dex: 16    Spells: 3/18 levels left

rFire    + . .     SeeInvis +   b - staff of energy
rCold    + . .     Gourm    .   (shield currently unavailable)
rNeg     . . .     Faith    .   n - +1 robe {rC+ rF+}
rPois    .         Spirit   .   (helmet restricted)
rElec    .         Reflect  .   (no cloak)
rCorr    .         Harm     .   (gloves unavailable)
MR       +....                  (boots unavailable)
Stlth    ++........             r - amulet of magic regeneration
HPRegen  0.13/turn              u - ring of magical power
MPRegen  0.45/turn              (no ring)

@: very quick
A: very small, unfitting armour, see invisible, herbivore, speed 3, slow
metabolism 2
a: Receive Corpses, Renounce Religion


You were in an ossuary.
You worshipped Kikubaaqudgha.
Kikubaaqudgha was most pleased with you.
You were hungry.

You visited 1 branch of the dungeon, and saw 8 of its levels.
You also visited: Ossuary.

You collected 378 gold pieces.

Inventory:

Hand Weapons
 a - a +2 dagger of venom
Missiles
 g - 22 poisoned needles
 h - 3 curare-tipped needles
 q - a throwing net (quivered)
Armour
 j - quicksilver dragon scales
 n - a +1 robe of resistance (worn)
Magical Staves
 b - an uncursed staff of energy (weapon)
Jewellery
 r - an amulet of magic regeneration (around neck)
 u - a ring of magical power (left hand)
Wands
 f - a wand of iceblast (14)
 v - a wand of digging (7)
Scrolls
 e - 5 scrolls of identify
 l - a scroll of teleportation {unknown}
 m - 2 scrolls of amnesia
 p - 7 scrolls of remove curse
Potions
 d - 5 potions of agility
 i - 2 potions of mutation
 o - a potion of resistance
 s - a potion of cancellation
 w - a potion of haste
Comestibles
 c - 17 rations


   Skills:
 - Level 4.7 Dodging
 - Level 3.0 Stealth
 - Level 5.0 Spellcasting
 * Level 6.7 Conjurations
 * Level 8.5 Air Magic
 + Level 5.1 Evocations


You had 3 spell levels left.
You knew the following spells:

 Your Spells              Type           Power        Failure   Level  Hunger
a - Shock                 Conj/Air       ####         1%          1    None
b - Static Discharge      Conj/Air       ####....     1%          3    None
c - Airstrike             Air            ####......   4%          4    None
d - Corpse Rot            Necr           N/A          22%         2    None
e - Lightning Bolt        Conj/Air       ####......   17%         5    None

Your spell library contained the following spells:

 Spells                   Type           Power        Failure   Level  Hunger
 Swiftness                Chrm/Air       ###.....     3%          2    None
 Pain                     Necr           #...         14%         1    None
 Sublimation of Blood     Necr           #.........   22%         2    None
 Vampiric Draining        Necr           #.........   38%         3    None
 Bolt of Draining         Conj/Necr      ###.......   69%         5    None
 Animate Dead             Necr           N/A          80%         4    None
 Dispel Undead            Necr           #.......     98%         5    None
 Excruciating Wounds      Chrm/Necr      #.........   98%         5    None
 Simulacrum               Ice/Necr       #.........   100%        6    None


Dungeon Overview and Level Annotations

Branches:
Dungeon (8/15)             Temple (0/1) D:4
   Lair: D:8-11

Altars:
Hepliaklqana
Kikubaaqudgha
Sif Muna
Trog
Wu Jian
Xom
Zin


Innate Abilities, Weirdness & Mutations

You are very small and have problems with some larger weapons.
You are too small for most types of armour.
You have supernaturally acute eyesight. (SInv)
You are a herbivore.
You cover ground extremely quickly.
You need to consume almost no food.


Message History

The worker ant zombie is severely damaged.
The worker ant zombie splashes around in the water.
The worker ant zombie bites you.
You hit the worker ant zombie.
The worker ant zombie is severely damaged.
The worker ant zombie closely misses you.
The wyvern zombie closely misses you.
Casting: Static Discharge (safe; 1% risk of failure)
Confirm with . or Enter, or press ? or * to list all spells.
The wyvern zombie is struck by an arc of lightning.
The wyvern zombie is lightly damaged.
The lightning grounds out.
The worker ant zombie is struck by an arc of lightning!
You destroy the worker ant zombie!
Kikubaaqudgha accepts your kill.
You are struck by an arc of lightning.
* * * LOW HITPOINT WARNING * * *
The lightning grounds out.
The wyvern zombie bites you!
You die...
Kikubaaqudgha rasps: "You have failed me!
Welcome... death!"

##### #.#.#
'#'#'#'#'####
...≈≈...≈≈..≈#
###≈#####.≈#≈#
#...#≈.P≈#
#.\.@≈≈≈≈#
#\..#Z≈.≈#
#####≈≈#≈#
#.'≈≈.≈≈≈≈#
###≈###≈≈##
#≈. #≈≈≈ +≈≈
#≈≈ #..P ≈
#≈##


You could see a wyvern zombie.

Vanquished Creatures
  A spriggan (D:8)
  Menkaure (D:4)
  A black bear (D:6)
  An ice beast (D:8)
  An orc warrior (D:5)
  A sky beast (D:7)
  3 ogres
  A centaur (D:6)
  3 bullfrogs
  A scorpion (D:6)
  8 wights
  10 killer bees
  3 crimson imps
  2 howler monkeys
  3 jellies
  A quasit (D:7)
  3 orc priests
  4 hounds
  2 orc wizards
  3 bullfrog skeletons
  A centaur zombie (Ossuary)
  A centaur skeleton (D:8)
  An iguana (D:7)
  7 mummies (Ossuary)
  2 worker ants (D:7)
  A killer bee zombie (Ossuary)
  A hound zombie (Ossuary)
  A hound skeleton (D:7)
  5 worker ant zombies
  8 adders
  2 gnolls (D:3)
  3 shadow imps
  6 adder zombies
  An adder skeleton (D:7)
  3 worms
  3 dart slugs (D:3)
  8 leopard geckos
  19 orcs
  10 bats
  3 giant cockroaches (D:1)
  8 goblins
  8 hobgoblins
  5 jackals (D:8)
  6 kobolds
  6 quokkas
  6 frilled lizards
  A jackal zombie (D:7)
  A quokka zombie (D:2)
  14 rats
194 creatures vanquished.

Vanquished Creatures (others)
  A plant (D:3)
  3 withered plants (Ossuary)
4 creatures vanquished.

Grand Total: 198 creatures vanquished

Notes
Turn   | Place    | Note
-------+----------+-------------------------------------------
     0 | D:1      | MrRokkomies the Spriggan Air Elementalist began the quest
                  | for the Orb.
     0 | D:1      | Reached XP level 1. HP: 9/9 MP: 5/5
   156 | D:1      | Reached skill level 1 in Conjurations
   160 | D:1      | Reached XP level 2. HP: 8/13 MP: 2/6
   316 | D:1      | Reached skill level 3 in Air Magic
   676 | D:1      | Reached XP level 3. HP: 12/16 MP: 0/8
  1287 | D:1      | Learned a level 3 spell: Static Discharge
  1803 | D:2      | Reached XP level 4. HP: 21/21 MP: 6/9
  1886 | D:2      | Found a shimmering altar of Xom.
  2251 | D:2      | Found a bloodstained altar of Trog.
  2724 | D:3      | Found an ancient bone altar of Kikubaaqudgha.
  2796 | D:3      | Became a worshipper of Kikubaaqudgha
  3019 | D:3      | Reached XP level 5. HP: 24/24 MP: 10/10
  3508 | D:3      | Reached skill level 4 in Air Magic
  3655 | D:4      | Learned a level 4 spell: Airstrike
  3658 | D:4      | Noticed Menkaure
  3658 | D:4      | Noticed an ogre
  3781 | D:4      | Reached * piety under Kikubaaqudgha
  3781 | D:4      | Identified Kikubaaqudgha's Volume of Black Secrets
                  | (Kikubaaqudgha gifted it to you on level 4 of the Dungeon)
  3781 | D:4      | Received a gift from Kikubaaqudgha
  3993 | D:4      | Killed an ogre
  3993 | D:4      | Reached XP level 6. HP: 28/28 MP: 4/11
  3995 | D:4      | Killed Menkaure
  4162 | D:4      | Found a staircase to the Ecumenical Temple.
  4216 | D:5      | Entered Level 5 of the Dungeon
  4275 | D:5      | Reached skill level 5 in Air Magic
  4275 | D:5      | Reached XP level 7. HP: 20/32 MP: 8/13
  5309 | D:5      | Learned a level 2 spell: Corpse Rot
  6170 | D:6      | Reached XP level 8. HP: 36/36 MP: 15/15
  6188 | D:6      | Reached skill level 6 in Air Magic
  6449 | D:6      | Found a hazy altar of Hepliaklqana.
  6717 | D:6      | Reached skill level 5 in Spellcasting
  7021 | D:7      | Reached skill level 5 in Conjurations
  7068 | D:7      | Reached ** piety under Kikubaaqudgha
  7120 | D:7      | Reached skill level 1 in Evocations
  7231 | D:7      | Reached skill level 7 in Air Magic
  7508 | D:7      | Found an ornate altar of the Wu Jian Council.
  7509 | D:7      | Found a glowing silver altar of Zin.
  7511 | D:7      | Found an ancient bone altar of Kikubaaqudgha.
  8003 | D:7      | Learned a level 5 spell: Lightning Bolt
  8070 | D:7      | Reached XP level 9. HP: 39/39 MP: 14/17
  8961 | D:8      | Found Raonuuw's Assorted Antiques.
  9153 | D:8      | Found a deep blue altar of Sif Muna.
  9217 | D:8      | Reached skill level 8 in Air Magic
  9408 | D:8      | Reached *** piety under Kikubaaqudgha
  9408 | D:8      | Identified Kikubaaqudgha's Reference Book on Stolen Souls
                  | (Kikubaaqudgha gifted it to you on level 8 of the Dungeon)
  9408 | D:8      | Received a gift from Kikubaaqudgha
  9590 | D:8      | Found a sand-covered staircase.
  9600 | Ossuary  | Entered an ossuary
  9765 | Ossuary  | Reached skill level 5 in Evocations
  9799 | Ossuary  | Mangled by a wyvern zombie

Levels and vault maps discovered:
D:1:      dpeg_arrival_rooms_with_view, layout_basic
D:2:      layout_loops_ring, bloody_trog, serial_undead, serial_undead_d,
          serial_undead_b, serial_undead_a, serial_undead_b, minivault_25,
          xom_teletrap_fun
D:3:      wad_woods_stonehenge, layout_rooms, first_ration
D:4:      layout_basic, minmay_temple_entry_statues_pillars, uniq_menkaure
D:5:      layout_basic, minmay_misc_feat_nine_boxes
D:6:      layout_basic, old_standard_altar
D:7:      layout_loops_ring, grunt_temple_overflow_open, minmay_misc_feat_square
D:8:      layout_loops_corners, led_sif_pool, nicolae_ossuary_entry_ruins,
          serial_shops, shop, shop, shop, shop,
          nicolae_shop_temple_entry_statues_fountains, the_bakery,
          minmay_misc_feat_x, minmay_hedge_maze
Ossuary:  ossuary_zaba_flooded

Skill      XL: |  1  2  3  4  5  6  7  8  9 |
---------------+----------------------------+-----
Conjurations   | 1 2 3 4 5 6 |  6.7
Air Magic      | 3 4 5 7 8 |  8.5
Dodging        | 4 |  4.7
Spellcasting   | 3 4 5 |  5.0
Evocations     | 2 5 |  5.1
Stealth        | |  3.0

Action                   |  1- 3 |  4- 6 |  7- 9 || total
-------------------------+-------+-------+-------++-------
Melee: Dagger            |    79 |    89 |   273 ||   441
       Unarmed           |     1 |       |       ||     1
       Short sword       |    10 |    70 |       ||    80
       Staff             |       |       |    28 ||    28
 Cast: Shock             |    46 |    29 |    44 ||   119
       Static Discharge  |       |     1 |    19 ||    20
       Airstrike         |       |       |    83 ||    83
       Corpse Rot        |       |       |     1 ||     1
       Lightning Bolt    |       |       |     3 ||     3
Evoke: Wand              |       |       |     3 ||     3
       Staff of energy   |       |       |     4 ||     4
  Use: Scroll            |     1 |    10 |     4 ||    15
       Potion            |       |       |     3 ||     3
 Stab: Sleeping          |     3 |     6 |     3 ||    12
  Eat: Ration            |       |     1 |     3 ||     4
Armor: Robe              |    13 |    15 |    43 ||    71
Dodge: Dodged            |   103 |   125 |   308 ||   536

Table legend:
 A = Non-vault XP
 B = Vault XP
 C = Vault XP percentage of total XP
 D = Non-vault monster count
 E = Vault monster count
 F = Vault count percentage of total count
                 A         B        C        D         E       F
            +---------+---------+-------+---------+---------+-------
      Total |    3923 |     770 |  16.4 |     167 |      27 |  13.9
            +---------+---------+-------+---------+---------+-------
        D:1 |      54 |       2 |   3.6 |      30 |       2 |   6.2
        D:2 |      62 |      17 |  21.5 |      17 |       2 |  10.5
        D:3 |      78 |      36 |  31.6 |      21 |       7 |  25.0
        D:4 |     225 |     165 |  42.3 |       9 |       1 |  10.0
        D:5 |     445 |       0 |   0.0 |      12 |       0 |   0.0
        D:6 |     719 |       0 |   0.0 |      17 |       0 |   0.0
        D:7 |    1520 |       0 |   0.0 |      34 |       0 |   0.0
        D:8 |     820 |     220 |  21.2 |      27 |       1 |   3.6
    Ossuary |       0 |     330 | 100.0 |       0 |      14 | 100.0
            +---------+---------+-------+---------+---------+-------
